Description

Removed Mothership Core for SALT code correction in-game.

Build Order

Get SALT Encoding   

  12  0:00  Probe (Chrono Boost)  
  13  0:11  Probe (Chrono Boost)  
  14  0:21  Pylon  
  14  0:23  Probe (Chrono Boost)  
  15  0:39  Probe (Chrono Boost)  
  15  0:40  Gateway  
  16  0:45  Assimilator  
  16  0:49  Probe (Chrono Boost)  
  17  1:01  Probe (Chrono Boost)  
  18  1:12  Probe (Chrono Boost)  
  19  1:24  Nexus  
  19  1:36  Cybernetics Core  
  19  1:39  Probe (Chrono Boost)  
  20  1:50  Probe (Chrono Boost)  
  20  1:52  Pylon  
  21  2:00  Probe (Chrono Boost)  
  22  2:12  Warp Gate, Adept  
  28  2:45  Adept  
  28  2:50  Gateway x2  
  31  2:57  Assimilator  
  34  3:12  Pylon  
  35  3:14  Adept  
  41  3:35  Robotics Facility  
  41  3:40  Twilight Council  
  43  3:51  Pylon  
  47  4:15  Adept x3, Resonating Glaives  
  54  4:20  Assimilator x2  
  54  4:23  Observer  
  58  4:37  Adept x2  
  62  4:41  Pylon  
  62  4:54  Immortal  
  68  5:10  Gateway x4  
  69  5:20  Adept  
  72  5:28  Immortal  
  76  5:44  Nexus  
Spawning Tool Build Advisor. Get it on Overwolf

Go to:

Details

  • Created by: mperea13
  • Published on: Jan 19, 2026
  • Modified on: Jan 19, 2026
  • Patch: 5.0.11
  • Difficulty: Easy
Show
View Real Time Build Order
Export as new Build Order

Comments (0)

There are no comments. Be the first!

Create an account to comment!